 Dungeon Crawl Stone Soup version 0.28.0 (webtiles) character file.

Game seed: 5454202583927783841

506 Zeld the Magician (level 6, 0/32 HPs)
             Began as a Deep Elf Fire Elementalist on Feb 17, 2022.
             Hit by a boomerang thrown by an orc (2 damage)
             ... on level 8 of the Dungeon.
             The game lasted 00:03:23 (6390 turns).

Zeld the Magician (Deep Elf Fire Elementalist)      Turns: 6390, Time: 00:03:24

Health: 0/32       AC:  4    Str:  5    XL:     6   Next: 97%
Magic:  17/17      EV: 13    Int: 22    God:
Gold:   179        SH:  0    Dex: 15    Spells: 7/17 levels left

rFire   . . .      SeeInvis .   (no weapon)
rCold   . . .      Faith    .   (no shield)
rNeg    . . .      Spirit   .   a - +0 robe
rPois   .          Reflect  .   q - +0 helmet
rElec   .          Harm     .   l - +0 cloak
rCorr   .          Rampage  .   (no gloves)
Will    .....                   (no boots)
Stlth   ++........              (no amulet)
HPRegen 0.10/turn               (no ring)
MPRegen 0.15/turn               (no ring)

@: very slow
A: no striking features
a: no special abilities


You were on level 8 of the Dungeon.
You visited 1 branch of the dungeon, and saw 6 of its levels.

You collected 179 gold pieces.

Inventory:

Armour
 a - a +0 robe (worn)
 l - a +0 cloak (worn)
 q - a +0 helmet (worn)
Scrolls
 b - a scroll of enchant armour
 e - a scroll of magic mapping
 j - a scroll of immolation {unknown}
 k - a scroll of enchant weapon {unknown}
 n - a scroll of teleportation {unknown}
Potions
 c - 3 potions of flight {unknown}
 d - 4 potions of curing
 g - 3 potions of might {unknown}
 h - a potion of degeneration {unknown}
 i - a potion of heal wounds {unknown}
 m - a potion of haste {unknown}
 o - a potion of cancellation {unknown}
 p - 2 potions of brilliance {unknown}


   Skills:
 - Level 4.0 Dodging
 + Level 4.2 Stealth
 * Level 6.0 Spellcasting
 + Level 3.0 Conjurations
 * Level 5.4 Fire Magic


You had 7 spell levels left.
You knew the following spells:

 Your Spells              Type           Power      Damage    Failure   Level
a - Foxfire               Conj/Fire      100%       2x1d9     1%          1
b - Scorch                Fire           60%        2d8       1%          2
c - Inner Flame           Hex/Fire       18%        N/A       9%          3
d - Flame Wave            Conj/Fire      25%        2d7       16%         4

Your spell library contained the following spells:

 Spells                   Type           Power      Damage    Failure   Level
 Conjure Flame            Conj/Fire      25%        6-21      4%          3
 Call Canine Familiar     Summ           6%         N/A       26%         3
 Portal Projectile        Hex/Tloc       12%        N/A       26%         3
 Leda's Liquefaction      Hex/Erth       3%         N/A       65%         4


Dungeon Overview and Level Annotations

Branches:
Dungeon (5/15)
 Temple: D:4-7

Altars:

Shops:
D:1 [


Message History

Okay, then.
Something hits you but does no damage.
You barely miss the orc warrior.
You hear some strange, mumbled words.
You are confused.
The orc wizard hits you but does no damage.
Unknown command.
You enter the shallow water.
Moving in this stuff is going to be slow.
A magic dart appears from out of thin air!
The magic dart hits you. The orc warrior closely misses you.
You hear some strange, mumbled words.
Something tries to affect you, but you resist.
Something hits you but does no damage.
The orc warrior hits you with a +0 scimitar.
You miss the orc warrior.
The orc warrior hits you with a +0 scimitar!
Ouch! That really hurt!
* * * LOW HITPOINT WARNING * * *
Something hits you.
* * * LOW HITPOINT WARNING * * *
Unknown command.
You miss the orc warrior. Something hits you but does no damage.
You hear some strange, mumbled words.
Something tries to affect you, but you resist.
The orc warrior closely misses you.
Unknown command.
You hear some strange, mumbled words.
The orc warrior misses you.
You enter the shallow water.
Moving in this stuff is going to be slow.
You feel less confused.
A magic dart appears from out of thin air!
The magic dart hits something.
The orc wizard casts a spell at you.
The puff of flame hits something.
You hear a splash. x2
Reactivating autopickup.
The orc throws a boomerang.
The boomerang hits you.
You die...

##### ###≈≈.###
##≈≈≈≈...## #
#≈≈≈≈≈....####.#
#≈≈≈≈.≈........#
#≈≈≈≈.......:..#
#≈≈≈≈≈o.......##
#≈≈≈≈≈o{..#####
##≈≈≈@§.o##
###≈≈.### #####


You could see an orc warrior, an orc wizard and an orc.

Vanquished Creatures
  2 scorpions (D:4)
  2 hounds (D:3)
  Crazy Yiuf (D:2)
  A gnoll shaman (D:3)
  Natasha (thrice) (D:2)
  Robin (D:4)
  5 adders (D:3)
  3 gnolls (D:3)
  A shadow imp (D:5)
  2 ufetubi (D:4)
  2 worms
  4 dart slugs
  2 orcs (D:3)
  6 ball pythons (D:1)
  7 bats
  4 endoplasms
  3 giant cockroaches
  13 goblins
  9 hobgoblins
  5 kobolds
  3 frilled lizards
  2 rats (D:1)
81 creatures vanquished.

Vanquished Creatures (collateral kills)
  A foxfire (D:2)
1 creature vanquished.

Vanquished Creatures (others)
  An orc wizard (D:8)
  2 demonic plants (D:2)
  325 foxfires
  2 fungi (D:2)
  2 plants (D:2)
332 creatures vanquished.

Grand Total: 414 creatures vanquished

Notes
Turn   | Place    | Note
-------+----------+-------------------------------------------
     0 | D:1      | Zeld the Deep Elf Fire Elementalist began the quest for the
                  | Orb.
     0 | D:1      | Reached XP level 1. HP: 10/10 MP: 6/6
    47 | D:1      | Found Jusaj's Antique Armour Boutique.
   256 | D:1      | Reached XP level 2. HP: 15/15 MP: 6/8
   299 | D:1      | Learned a level 2 spell: Scorch
  1074 | D:2      | Reached XP level 3. HP: 19/19 MP: 2/10
  1078 | D:2      | Learned a level 3 spell: Inner Flame
  1348 | D:2      | Noticed Natasha
  1353 | D:2      | Killed Natasha
  1354 | D:2      | Reached skill level 4 in Spellcasting
  1765 | D:2      | Reached XP level 4. HP: 23/24 MP: 7/12
  1809 | D:2      | Learned a level 4 spell: Flame Wave
  1827 | D:2      | Found a faded altar of an unknown god.
  2244 | D:2      | Noticed Natasha
  2451 | D:2      | Found a runed translucent door.
  2452 | D:2      | Noticed Crazy Yiuf
  2458 | D:2      | Killed Crazy Yiuf
  2745 | D:2      | Found a faded altar of an unknown god.
  2913 | D:2      | Killed Natasha
  3269 | D:2      | Noticed Natasha
  3273 | D:2      | Killed Natasha
  3274 | D:2      | Reached XP level 5. HP: 28/28 MP: 9/14
  3631 | D:3      | Reached skill level 5 in Spellcasting
  3919 | D:3      | Reached XP level 6. HP: 28/32 MP: 11/15
  4182 | D:3      | Reached skill level 5 in Fire Magic
  4939 | D:4      | Identified the +9 whip of Toepoazo {protect, rCorr}
  5355 | D:4      | Noticed Robin
  5706 | D:4      | Killed Robin
  6270 | D:5      | Entered Level 5 of the Dungeon
  6277 | D:5      | Reached skill level 6 in Spellcasting
  6376 | D:5      | You fall into a shaft and drop 3 floors!
  6376 | D:8      | Noticed an orc warrior
  6390 | D:8      | Hit by a boomerang thrown by an orc

Illustrated notes

Levels and vault maps discovered:
D:1:      wander_arrival_lonely_grave, layout_rooms, serial_shops,
          nicolae_shop_crystal
D:2:      layout_loops_corners, shapermc_ecumenical_altar_gd, uniq_natasha,
          uniq_crazy_yiuf_cottage
D:3:      layout_loops_ring
D:4:      layout_loops_corners, uniq_robin
D:5:      layout_basic, grunt_temple_overflow_cloverleaf,
          minmay_temple_entry_glassed_door, uniq_ijyb
D:8:      layout_cave_pools, nicolae_underground_beach, uniq_psyche

Skill      XL: |  1  2  3  4  5  6 |
---------------+-------------------+-----
Spellcasting   | 4 5 6 |  6.0
Fire Magic     | 4 5 |  5.4
Dodging        | 3 4 |  4.0
Stealth        | 3 4 |  4.2
Conjurations   | 2 3 |  3.0

Action                   |  1- 3 |  4- 6 || total
-------------------------+-------+-------++-------
Melee: Unarmed           |     1 |    15 ||    16
 Cast: Foxfire           |    90 |   110 ||   200
       Scorch            |     4 |    35 ||    39
  Use: Scroll            |       |     2 ||     2
Armor: Robe              |     2 |    20 ||    22
Dodge: Dodged            |     5 |    47 ||    52
